 Dungeon Sprint DCSS version 0.31.0-9-g3a7656b989 (webtiles) character file.

Game seed: 12093049286202610945

243 Heoruswealwe the Spear-Bearer (level 5, -3/53 HPs)
             Began as a Minotaur Fighter on Feb 1, 2024.
             Was an Initiate of Gozag.
             Slain by a two-headed ogre
             ... wielding a +0 giant club
              (16 damage)
             ... in the Dungeon (Sprint IX: "|||||||||||||||||||||||||||||").
             The game lasted 00:01:11 (151 turns).

Heoruswealwe the Spear-Bearer (Minotaur Fighter)     Turns: 151, Time: 00:01:12

Health: -3/53      AC: 16    Str: 23    XL:     5   Next: 82%
Magic:  4/4        EV: 10    Int:  5    God:    Gozag
Gold:   0          SH:  0    Dex:  9    Spells: 4/4 levels left

rFire   . . .        b - +2 halberd (protect)
rCold   . . .        (shield currently unavailable)
rNeg    . . .        c - +1 scale mail
rPois   .            (helmet restricted)
rElec   .            (no cloak)
rCorr   .            (no gloves)
SInv    .            (no boots)
Will    .....        (no amulet) Stlth
                     (no ring)
HPRegen 0.28/turn    (no ring)
MPRegen 0.09/turn

%: no teleportation
@: gold aura, under a protective aura
A: horns 2, retaliatory headbutt
a: Renounce Religion, Potion Petition, Call Merchant, Bribe Branch


You were in the Dungeon.
You worshipped Gozag.
Gozag was noncommittal.
You visited 1 branch

Inventory:

Hand Weapons
 a - a +0 trident
 b - a +2 halberd of protection (weapon)
Armour
 c - a +1 scale mail (worn)
 d - a +0 buckler
Jewellery
 l - a +2 ring of evasion
 m - a +3 ring of dexterity
Wands
 h - a wand of light (10)
Scrolls
 j - 2 scrolls of blinking
Potions
 e - 5 potions of curing
 f - 3 potions of heal wounds
 g - a potion of haste
 i - a potion of berserk rage
 k - a potion of might


   Skills:
 + Level 8.1 Fighting
 * Level 10.5 Polearms
 + Level 8.1 Armour
 - Level 3.6 Shields


You had 4 spell levels left.
You didn't know any spells.
Your spell library was empty.

Dungeon Overview and Level Annotations

Branches:
Dungeon (1/1)

Altars:
Cheibriados
Dithmenos
Elyvilon
Fedhas
Gozag
Hepliaklqana
Kikubaaqudgha
Makhleb
Nemelex Xobeh
Okawaru
Qazlal
Ru
Sif Muna
Trog
Uskayaw
Vehumet
Wu Jian
Xom
Yredelemnul
Zin
The Shining One
Jiyva
Lugonu


Innate Abilities, Weirdness & Mutations

You have a pair of horns on your head.
You reflexively headbutt those who attack you in melee.


Message History

The gnoll sergeant closely misses you. You furiously retaliate!
You headbutt the gnoll sergeant. You slash the gnoll sergeant!
You kill the gnoll sergeant!
The kobold brigand throws a poisoned dart.
The poisoned dart closely misses you.
Your Fighting skill increases to level 7!
Your Polearms skill increases to level 9!
Your Armour skill increases to level 7!
You have reached level 5!
The kobold brigand hits you but does no damage.
The orc wizard gestures wildly while chanting.
The orc wizard flickers and vanishes!
Deactivating autopickup; reactivate with Ctrl-A.
Items here: $ ) [[.
You impale the kobold brigand!!
The kobold brigand is severely wounded.
The kobold brigand hits you but does no damage.
The howler monkey hoots and howls with incredible vigour!
You hear a shout!
You closely miss the kobold brigand.
The kobold brigand is severely wounded.
The kobold brigand misses you.
You closely miss the kobold brigand.
The kobold brigand is severely wounded.
The kobold brigand hits you but does no damage.
You closely miss the kobold brigand.
The kobold brigand is severely wounded.
The kobold brigand closely misses you.
You hit the kobold brigand.
You kill the kobold brigand!
Your Fighting skill increases to level 8!
Your Polearms skill increases to level 10!
Your Armour skill increases to level 8!
You barely miss the two-headed ogre.
The two-headed ogre hits you with a +0 giant club!
* * * LOW HITPOINT WARNING * * *
The two-headed ogre hits you with a +0 giant club!
You die...
Your body crumbles into a pile of gold.

▓+▓
▓.▓
▓h▓
▓Y▓
▓.▓
▓O▓
▓@▓
▓'▓
▓.▓
▓.▓
▓.▓
▓[▓
▓[▓
▓[▓
▓)▓


You could see a two-headed ogre, a yak and a howler monkey.

Vanquished Creatures
  A kobold brigand (D)
  A gnoll sergeant (D)
  A hound (D)
  A jelly (D)
  A sleepcap (D)
  An adder (D)
  A shadow imp (D)
  A dart slug (D)
  A hobgoblin (D)
  A quokka (D)
  A frilled lizard (D)
  A kobold (D)
12 creatures vanquished.

Notes
Turn   | Place    | Note
-------+----------+-------------------------------------------
     0 | D        | Heoruswealwe the Minotaur Fighter began the quest for the
                  | Orb.
     0 | D        | Reached XP level 1. HP: 19/19 MP: 0/0
     5 | D        | Reached skill level 3 in Polearms
    21 | D        | Reached skill level 4 in Polearms
    50 | D        | Noticed a jelly
    50 | D        | Noticed a hound
    50 | D        | Noticed a sleepcap
    54 | D        | Killed a sleepcap
    55 | D        | Reached skill level 5 in Fighting
    55 | D        | Reached skill level 5 in Polearms
    55 | D        | Reached skill level 5 in Armour
    55 | D        | Reached XP level 2. HP: 23/29 MP: 1/1
    55 | D        | Reached XP level 3. HP: 29/36 MP: 2/2
    58 | D        | Reached skill level 6 in Polearms
    62 | D        | Reached skill level 7 in Polearms
    62 | D        | Reached XP level 4. HP: 21/45 MP: 3/3
    69 | D        | Reached skill level 8 in Polearms
    75 | D        | Found a snail-covered altar of Cheibriados.
    75 | D        | Found a shadowy altar of Dithmenos.
    75 | D        | Found a white marble altar of Elyvilon.
    75 | D        | Found a blossoming altar of Fedhas.
    75 | D        | Found an opulent altar of Gozag.
    76 | D        | Found a hazy altar of Hepliaklqana.
    77 | D        | Found a viscous altar of Jiyva.
    78 | D        | Found an ancient bone altar of Kikubaaqudgha.
    79 | D        | Found a corrupted altar of Lugonu.
    80 | D        | Found a burning altar of Makhleb.
    81 | D        | Found a sparkling altar of Nemelex Xobeh.
    82 | D        | Found an iron altar of Okawaru.
    83 | D        | Became a worshipper of Gozag Ym Sagoz the Greedy
    84 | D        | Found a stormy altar of Qazlal.
    85 | D        | Found a sacrificial altar of Ru.
    86 | D        | Found a shimmering blue altar of Sif Muna.
    87 | D        | Found a bloodstained altar of Trog.
    88 | D        | Found a hide-covered altar of Uskayaw.
    89 | D        | Found a radiant altar of Vehumet.
    90 | D        | Found an ornate altar of the Wu Jian Council.
    91 | D        | Found a shimmering altar of Xom.
    92 | D        | Found a basalt altar of Yredelemnul.
    93 | D        | Found a glowing silver altar of Zin.
    94 | D        | Found a glowing golden altar of the Shining One.
   139 | D        | Noticed a yak
   139 | D        | Noticed a two-headed ogre
   139 | D        | Noticed a kobold brigand
   139 | D        | Noticed a gnoll sergeant
   144 | D        | Killed a gnoll sergeant
   145 | D        | Reached skill level 9 in Polearms
   145 | D        | Reached XP level 5. HP: 22/52 MP: 4/4
   151 | D        | Reached skill level 10 in Polearms
   151 | D        | Slain by a two-headed ogre

Illustrated notes

Levels and vault maps discovered:
D:        linesprint [early_d, line_temple, items_1, d_10, items_2, lair_1,
          lair_end, items_3, orc_1, orc_end, items_4, d_15, swamp_1, shoals_1,
          snake_1, spider_1, d_20, vaults_1, items_5, swamp_end, shoals_end,
          snake_end, spider_end, vaults_end, d_27, items_6, zot_1, zot_end,
          crypt_end, forest_end, elf_end, slime_end, tomb_end, abyss_end,
          pan_hell_end]

Skill      XL: |  1  2  3  4  5 |
---------------+----------------+-----
Polearms       | 5 7 9 10 | 10.5
Fighting       | 5 6 7 8 |  8.1
Armour         | 5 6 7 8 |  8.1
Shields        | |  3.6

Action                     |  1- 3 |  4- 6 || total
---------------------------+-------+-------++-------
  Melee: Trident           |    27 |     8 ||    35
         Headbutt          |     2 |     2 ||     4
         Halberd           |       |    10 ||    10
 Armour: Scale mail        |    16 |    11 ||    27
  Dodge: Dodged            |     6 |     9 ||    15
  Block: Buckler           |     5 |     2 ||     7
